FIQ, neutral male gnomish Wizard -------------------------------- |n.............................| |l------+--------------..-----.| ----- |p|....| |...|. +..-..(|.| ##-...| ## |@|... |...|. |..|(I(|.| # |...| # |a--|-----|...||------|..|(.(|..############# ....| #####|f.....|..|...|.|..|%%|.-----|.| |<..| # |.----.|..|-|--.|..|%%|.-....|.| +...| ##..|..-.-|--%.{..-|-|..|.|.._.|.| ----- |.|..|...%.........-|--.|....|.| |.|---|---.----%--......|....|.| |.|..|...|.+ |..|--|--------|.| |.|..|(((|.| |.?| ...|#.| +.| |d|..|(((|.---|(%|....|.. |.| |.-|------..{.---------|------.| |..............................| -------------------------------- FIQ the Conjurer Experience level: 5 Strength: 10 Dexterity: 17 Constitution: 14 Intelligence: 17 Wisdom: 8 Charisma: 10 Health: 0(35) Energy: 51(51) Def: 4 Gold: 564 Moves: 2440 Dungeon seed: LZnj1QyYSKYYv3rO Game ID: FIQ_1446840158 Your Inventory: Coins $ - 564 gold pieces Weapons v - 7 +0 shuriken Armor q - an uncursed +0 Hawaiian shirt (being worn) N - a blessed +0 dwarvish iron helm (being worn) Y - a blessed +0 pair of iron shoes (being worn) Comestibles p - an uncursed pear u - 2 uncursed tripe rations w - 2 uncursed sprigs of wolfsbane x - an uncursed apple I - an uncursed pancake Scrolls i - 2 uncursed scrolls of enchant armor j - an uncursed scroll of remove curse z - an uncursed scroll of destroy armor B - a cursed scroll of remove curse named cursed F - 2 uncursed scrolls of light G - an uncursed scroll of fire Spellbooks m - an uncursed spellbook of protection t - a blessed spellbook of force bolt Potions f - an uncursed potion of invisibility g - an uncursed potion of monster detection h - an uncursed potion of fruit juice r - a blessed potion of gain ability Rings c - an uncursed ring of teleport control d - an uncursed +1 ring of adornment Wands b - a wand of magic missile (0:6) C - a wand of speed monster (0:5) Tools k - an uncursed skeleton key n - a magic marker (0:47) o - an uncursed blindfold E - an uncursed oil lamp (0:1410) Gems y - an uncursed worthless piece of yellow glass Spells and supernatural/magical abilities: Name Level Category Fail Memory a - force bolt 1 attack 10% 88% p - protection 1 clerical 10% 88% W - pray for help -- divine ? -- Your skills at the end: Fighting Skills wands [Basic] Weapon Skills quarterstaff [Basic] Spellcasting Skills attack spells [Basic] enchantment spells [Basic] Final Attributes: You were piously aligned. You were telepathic. You had infravision. You are dead. Vanquished creatures: a bugbear an orc shaman a fog cloud a yellow light a shrieker a gray ooze 3 elf zombies a floating eye a dwarf 2 kobold lords 2 monkeys a coyote 2 gas spores a giant rat a cave spider a gnome zombie 5 geckos 8 jackals 2 foxes a kobold 2 goblins 12 grid bugs 3 lichens 3 kobold zombies 2 newts 59 creatures vanquished. Voluntary challenges: You used a wielded weapon 50 times, starting on turn 33. You read items or engraved 4 times, starting on turn 1785. You never genocided any monsters. You never polymorphed an object. You never changed form. You used no wishes. You never split a pudding. You wrote Elbereth's name 4 times, starting on turn 1785. You never violated your personal moral code. Dungeon overview: The Dungeons of Doom: levels 1 to 3 Level 1 a long staircase Level 2 a general store Level 3 a sink stairs to The Gnomish Mines The Gnomish Mines: levels 4 to 6 Level 4 stairs to The Dungeons of Doom Level 5 Level 6 <- You were here many shops, a temple to Thoth, some fountains, a sink History has recorded: On T:1 you entered the Dungeons of Doom to retrieve the Amulet of Yendor! On T:328 you reached level 2 of The Dungeons of Doom. On T:383 you reached level 3 of The Dungeons of Doom. On T:660 you advanced to experience level 2. On T:1689 you advanced to experience level 3. On T:1715 you reached level 1 of The Gnomish Mines. On T:1760 you reached level 2 of The Gnomish Mines. On T:1911 you advanced to experience level 4. On T:2039 you reached level 3 of The Gnomish Mines. On T:2375 you advanced to experience level 5. Score breakdown: Gold: 564 ( 9361 points) Experience: 5 levels (11141 points) Exploration: 6 levels ( 12.77%) ( 9890 points) Discoveries: 9 items ( 3.10%) ( 5284 points) Valuables value: (no points given unless you survive) Artifact value: 0 ( 0 points) Variety of kills: 25 monsters ( 6.53%) ( 7664 points) Turncount: 2440 turns ( -294 points) Survival: died (score multiplied by 80%) Total score: 34436 Latest messages: D - an uncursed steel wand. C - an uncursed zinc wand. k - an uncursed key. E - an uncursed lamp called oil lamp. l - an uncursed magic lamp. y - an uncursed yellow gem. You hear a door open. You hit the killer bee. The killer bee stings! The killer bee's sting was poisoned! Wizard, your life force is running out. You die... Final status: Goodbye FIQ the Wizard, killed by a killer bee... You died in The Gnomish Mines on dungeon level 6 with 34436 points, and 564 pieces of gold, after 2440 moves. You were level 5 with a maximum of 35 hit points when you died.